 Dungeon Crawl Stone Soup version 0.28-a0-730-g892d06dc2c (webtiles) character file.

Game seed: 10874940390993986373

347 cheechan the Covered (level 6, -3/57 HPs)
             Began as a Naga Fighter on Oct 28, 2021.
             Slain by an ogre (13 damage)
             ... on level 4 of the Dungeon.
             The game lasted 00:04:39 (1120 turns).

cheechan the Covered (Naga Fighter)                 Turns: 1120, Time: 00:04:40

Health: -3/57      AC:  6    Str: 20    XL:     6   Next: 59%
Magic:  6/6        EV:  8    Int:  9    God:
Gold:   36         SH:  4    Dex: 10    Spells: 5/5 levels left

rFire   . . .      SeeInvis +   a - +0 war axe
rCold   . . .      Faith    .   c - +0 buckler
rNeg    . . .      Spirit   .   b - +0 scale mail
rPois   +          Reflect  .   (no helmet)
rElec   .          Harm     .   (no cloak)
rCorr   .          Rampage  .   (no gloves)
Will    .....                   (no barding)
Stlth   ..........              f - amulet of regeneration
HPRegen 1.19/turn               (no ring)
MPRegen 0.10/turn               (no ring)

@: short of breath, very slow
A: AC +2, large, see invisible, deformed body, poison resistance, slowness 2,
spit poison 1, naga tail 1
a: Spit Poison


You were on level 4 of the Dungeon.
You visited 1 branch of the dungeon, and saw 3 of its levels.

You collected 36 gold pieces.

Inventory:

Hand Weapons
 a - a +0 war axe (weapon)
 j - a +0 hunting sling
Missiles
 i - 34 stones
Armour
 b - a +0 scale mail (worn)
 c - a +0 buckler (worn)
Jewellery
 f - an amulet of regeneration (around neck)
Potions
 d - a potion of might
 e - a potion of resistance {unknown}
 g - a potion of flight {unknown}
 h - 2 potions of curing {unknown}
 k - a potion of heal wounds {unknown}


   Skills:
 + Level 3.8 Fighting
 + Level 4.0 Axes
 + Level 4.1 Armour
 + Level 1.2 Dodging
 + Level 2.8 Shields


You had 5 spell levels left.
You didn't know any spells.
Your spell library was empty.

Dungeon Overview and Level Annotations

Branches:
Dungeon (2/15)

Altars:
Kikubaaqudgha


Innate Abilities, Weirdness & Mutations

Your serpentine skin is tough. (AC +2)
You have supernaturally acute eyesight. (SInv)
Armour fits poorly on your strangely shaped body.
Your system is resistant to poisons. (rPois)
You cover ground very slowly.
You can spit poison.
You have a snake-like lower body.


Message History

Your Axes skill increases to level 4!
Found an escape hatch in the floor.
Found a grey potion.
k - a grey potion An ogre comes into view.
It is wielding a +0 giant club.
Found a stone staircase leading up.
The ogre shouts!
An endoplasm comes into view.
A black bear comes into view.
The ogre hits you with a +0 giant club!
Abil: Spit Poison
Press: ? - help, Q - select action, (/) - cycle Shift-Dir - straight line, f - ogre
Aim: an ogre, wielding a +0 giant club The splash of poison hits the ogre but does no damage.
The ogre is poisoned.
The ogre hits you with a +0 giant club!
You barely miss the ogre. The ogre barely misses you.
You slash the ogre!
The ogre is heavily wounded.
You hear an angry growl.
The ogre hits you with a +0 giant club!!
* * * LOW HITPOINT WARNING * * *
You hit the ogre but do no damage.
The ogre is heavily wounded.
The ogre hits you with a +0 giant club!
* * * LOW HITPOINT WARNING * * *
Okay, then.
You have got your breath back.
Abil: Spit Poison
Press: ? - help, Q - select action, (/) - cycle Shift-Dir - straight line, f/p - ogre
Aim: an ogre, wielding a +0 giant club (heavily wounded, poisoned)
The splash of poison hits the ogre.
The ogre looks even sicker.
The ogre is heavily wounded.
The ogre barely misses you.
You hit the ogre.
The ogre is almost dead.
You slash the endoplasm!
You kill the endoplasm!
The ogre hits you with a +0 giant club!
You die...

#.....#.........##...
#.............## #.#
###.......##..... .#
###.....# #.... ###
####..# .....
#...##....#......
#.......h........
........O#......
##.<...@##......
#......# #.J..h
##....## ..... ##...
.J.## ##.. ..# #..
#.. ###


You could see a black bear and an ogre (very poisoned).

Vanquished Creatures
  A necrophage (D:4)
  A bullfrog zombie (D:4)
  A human zombie (D:4)
  An orc priest (D:4)
  A scorpion zombie (D:4)
  2 hound zombies (D:4)
  3 mummies (D:4)
  2 gnolls (D:1)
  An adder (D:4)
  2 adder zombies (D:4)
  4 orcs (D:4)
  7 endoplasms
  3 giant cockroaches
  2 goblins
  2 hobgoblins
  A quokka (D:4)
  4 ball pythons
  2 bats (D:1)
  3 frilled lizards (D:1)
  A quokka zombie (D:4)
  3 rats (D:1)
47 creatures vanquished.

Notes
Turn   | Place    | Note
-------+----------+-------------------------------------------
     0 | D:1      | cheechan the Naga Fighter began the quest for the Orb.
     0 | D:1      | Reached XP level 1. HP: 21/21 MP: 1/1
   155 | D:1      | Reached XP level 2. HP: 28/28 MP: 2/2
   342 | D:1      | Reached XP level 3. HP: 15/34 MP: 3/3
   803 | D:2      | You fall into a shaft and drop 2 floors!
   812 | D:4      | Reached skill level 1 in Dodging
   812 | D:4      | Reached XP level 4. HP: 34/42 MP: 4/4
   857 | D:4      | Found an ancient bone altar of Kikubaaqudgha.
   876 | D:4      | Reached XP level 5. HP: 43/49 MP: 5/5
   879 | D:4      | Noticed a necrophage
   897 | D:4      | Killed a necrophage
   925 | D:4      | Reached XP level 6. HP: 52/56 MP: 6/6
  1110 | D:4      | Noticed a black bear
  1120 | D:4      | Slain by an ogre

Illustrated notes

Levels and vault maps discovered:
D:1:      nzn_arrival_depleted_hourglass, layout_basic
D:2:      layout_basic, minmay_misc_feat_cross, uniq_jessica
D:4:      gammafunk_steamed_eel, layout_cave_pools,
          lemuel_mausoleum_altar_kikubaaqudgha, uniq_robin

Skill      XL: |  1  2  3  4  5  6 |
---------------+-------------------+-----
Armour         | 3 4 |  4.1
Dodging        | 1 |  1.2
Axes           | 3 4 |  4.0
Fighting       | |  3.8
Shields        | |  2.8

Action                   |  1- 3 |  4- 6 || total
-------------------------+-------+-------++-------
Melee: War axe           |    62 |   111 ||   173
 Abil: Spit Poison       |     4 |     4 ||     8
  Use: Scroll            |     1 |       ||     1
Armor: Scale mail        |    45 |    36 ||    81
Dodge: Dodged            |    30 |    38 ||    68
Block: Buckler           |    23 |    20 ||    43

Table legend: (Time is in decaauts)
 A = Elapsed time spent in this place.
 B = Non-inter-level travel time spent in this place.
 C = Inter-level travel time spent in this place.
 D = Time resting spent in this place.
 E = Time spent auto-exploring this place.
 F = Levels seen in this place.
 G = Mean time per level.
                   A        B        C        D        E       F      G
               +--------+--------+--------+--------+--------+-----+--------+
         Total |   1427 |   1427 |      0 |    284 |      0 |   3 |  475.7 |
       Dungeon |   1427 |   1427 |      0 |    284 |      0 |   3 |  475.7 |
               +--------+--------+--------+--------+--------+-----+--------+

Top non-repeatable levels by time:
     D:1: 853 daAuts
     D:4: 422 daAuts
     D:2: 150 daAuts
